 Dungeon Crawl Stone Soup version bcrawl-1.27.8b (webtiles) character file.

Game seed: 10163695117874597423

40519 LostNumber the Ducker (level 1, 0/15 HPs)
             Began as a Fairy Fighter on Oct 30, 2020.
             Slain by a jackal (3 damage)
             ... on level 1 of the Dungeon.
             The game lasted 00:00:21 (171 turns).

LostNumber the Ducker (Fairy Fighter)                Turns: 171, Time: 00:00:22

Health: 0/15       AC:  3    Str: 14    XL:     1   Next: 20%
Magic:  3/3        EV: 11    Int: 11    God:
Gold:   15         SH: 12    Dex: 11    Spells: 0/0 levels left

rFire    . . .     SeeInvis .   a - +0 long sword
rCold    . . .     Gourm    .   b - +0 medium shield
rNeg     . . .     Faith    .   (armour unavailable)
rPois    .         Spirit   .   (no helmet)
rElec    .         Reflect  .   (no cloak)
rCorr    .         Harm     .   (no gloves)
MR       .....                  (no boots)
Stlth    ..........             (no amulet)
HPRegen  0.05/turn              (no ring)
MPRegen  0.08/turn              (no ring)

@: flying evasively
A: small, magic attunement, unstealthy, unfitting armour, able to fly, AC/SH +3
a: Stop Flying


You were on level 1 of the Dungeon.
You were not hungry.

You visited 1 branch of the dungeon, and saw 1 of its levels.

You collected 15 gold pieces.

Inventory:

Hand Weapons
 a - a +0 long sword (weapon)
 h - a +1 dagger of holy wrath
   (You found it on level 1 of the Dungeon)
Armour
 b - a +0 medium shield (worn)
Scrolls
 f - a scroll of fear {unknown}
Potions
 c - a potion of might
 d - a potion of lignification {unknown}
Comestibles
 e - a ration {!d!d}
 g - a chunk of flesh


   Skills:
 + Level 2.7 Fighting
 * Level 1.6 Long Blades
 - Level 4.0 Dodging
 + Level 3.6 Shields


You couldn't memorise any spells.
You didn't know any spells.
Your spell library was empty.

Dungeon Overview and Level Annotations

Branches:
Dungeon (1/12)

Altars:


Innate Abilities, Weirdness & Mutations

Your spells do not cause hunger and MP costs are reduced by 1.
Your bright wings attract enemies. (Stealth-)
You cannot fit into any form of body armour.
Your shimmering scales are hard and can block incoming attacks. (AC +3, SH +3)
You are small and have problems with some larger weapons.
You can fly continuously.


Message History

h - a runed dagger Wield which item (- for none, * to show all)? (? for menu, Esc to quit)
Your +1 dagger of holy wrath softly glows with a divine radiance!
h - a +1 dagger of holy wrath (weapon)
Wield which item (- for none, * to show all)? (? for menu, Esc to quit)
Your +1 dagger of holy wrath stops glowing.
a - a +0 long sword (weapon)
A goblin comes into view. It is wielding a +0 club.
The goblin shouts!
A jackal comes into view.
There are monsters nearby!
There are monsters nearby!
A jackal comes into view.
The jackal barks!
You hear a shout!
A kobold comes into view. It is wielding a +0 falchion.
The kobold shouts!
A bat comes into view.
The bat moves out of view.
Your shield prevents you from hitting the kobold.
You block the kobold's attack.
You miss the kobold. You block the kobold's attack.
The jackal completely misses you. You block the goblin's attack.
You block the jackal's attack. The kobold hits you with a +0 falchion.
You block the jackal's attack.
Your shield prevents you from hitting the kobold.
The bat closely misses you. You block the jackal's attack.
The goblin hits you with a +0 club. The bat hits you.
You block the jackal's attack. x2; The kobold hits you with a +0 falchion.
* * * LOW HITPOINT WARNING * * *
The goblin hits you with a +0 club.
* * * LOW HITPOINT WARNING * * *
The jackal closely misses you. You block the bat's attack.
You block the jackal's attack. The jackal barely misses you.
You block the bat's attack. The bat closely misses you.
You block the jackal's attack. You block the bat's attack.
You barely miss the jackal. You block the jackal's attack.
The jackal bites you but does no damage.
You hit the jackal. You block the jackal's attack. The jackal misses you.
Your shield prevents you from hitting the jackal.
You block the jackal's attack.
You barely miss the jackal. The jackal barely misses you. The jackal bites you.
* * * LOW HITPOINT WARNING * * *
The jackal misses you.
You closely miss the jackal. You block the jackal's attack.
Your shield prevents you from hitting the jackal.
The jackal closely misses you. You block the jackal's attack.
You closely miss the jackal. The jackal bites you.
You die...

.... ...##
##.... #+
#.###[..##...!$#
#.......##.....#
#...#......# #
#hK........#
#.###g#.##.....#
#..@hb.........#
##.###.>#......#
#.#...........#
#.#.........###
#.#.....#####
#.#.##.## #...
#)......# #.8.
#....#### #...
##)#.# ###+###


You could see a jackal, a goblin, a bat and a kobold.

Vanquished Creatures
  A goblin (D:1)
1 creature vanquished.

Notes
Turn   | Place    | Note
-------+----------+-------------------------------------------
     0 | D:1      | LostNumber the Fairy Fighter began the quest for the Orb.
     0 | D:1      | Reached XP level 1. HP: 15/15 MP: 3/3
   171 | D:1      | Slain by a jackal

Action                   || total
-------------------------++-------
Melee: Long sword        ||    11
Armor: Skin              ||     1
Dodge: Dodged            ||    10
Block: Medium shield     ||    21
